 Dungeon Crawl Stone Soup version 0.29.1-2-gbd0b4ee654 (webtiles) character file.

Game seed: 11800072114904254598

879 croobank the Conjurer (level 7, 0/51 HPs)
             Began as a Demonspawn Conjurer on Oct 29, 2022.
             Slain by an orc
             ... wielding a +0 flail
              (5 damage)
             ... on level 5 of the Dungeon.
             The game lasted 00:19:47 (6486 turns).

croobank the Conjurer (Demonspawn Conjurer)         Turns: 6486, Time: 00:19:48

Health: 0/51       AC:  3    Str: 13    XL:     7   Next: 75%
Magic:  12/12      EV: 12    Int: 22    God:
Gold:   54         SH:  0    Dex: 11    Spells: 7/13 levels left

rFire   . . .      SeeInvis .   b - +7 morningstar (venom)
rCold   . . .      Faith    .   (no shield)
rNeg    . . .      Spirit   .   a - +0 robe
rPois   +          Reflect  .   (helmet restricted)
rElec   .          Harm     .   (no cloak)
rCorr   .          Rampage  .   f - +0 pair of gloves
Will    .....                   (no boots)
Stlth   ++........              (no amulet)
HPRegen 0.17/turn               j - +6 ring of strength
MPRegen 0.13/turn               t - ring of poison resistance

@: no status effects
A: antennae 1, claws 2, demonic guardian 1, demonic magic 2
a: no special abilities


You were on level 5 of the Dungeon.
You visited 1 branch of the dungeon, and saw 5 of its levels.

You collected 296 gold pieces.
You spent 242 gold pieces at shops.

Inventory:

Hand Weapons
 b - a +7 morningstar of venom (weapon)
 d - a +1 dagger of protection
 e - a +2 trident of flaming
 i - a +1 short sword of protection
 l - a +0 war axe
 o - a +3 hand axe of electrocution
 p - the +3 whip of Frustration {flame, Will+}
   (You bought it in a shop on level 4 of the Dungeon)

   It burns those it strikes, dealing additional fire damage.
   Will:      It increases your willpower.
Missiles
 c - 4 javelins
 m - a throwing net
 s - 10 poisoned darts
Armour
 a - a +0 robe (worn)
 f - a +0 pair of gloves (worn)
 g - a +0 ring mail
 h - a +0 helmet
Jewellery
 j - a +6 ring of strength (left hand)
 t - a ring of poison resistance (right hand)
 u - a ring of protection from cold
Wands
 n - a wand of acid (2)
Scrolls
 k - a scroll of vulnerability
 q - a scroll of identify
Potions
 r - 2 potions of flight
 v - a potion of degeneration {unknown}
 w - 2 potions of mutation


   Skills:
 + Level 2.7 Fighting
 * Level 3.2 Maces & Flails
 + Level 3.6 Dodging
 + Level 3.9 Stealth
 + Level 3.9 Spellcasting
 + Level 5.4 Conjurations


You had 7 spell levels left.
You knew the following spells:

 Your Spells              Type           Power      Damage    Failure   Level
a - Magic Dart            Conj           100%       1d8       1%          1
b - Searing Ray           Conj           56%        2d6       1%          2
c - Dazzling Flash        Conj/Hex       32%        N/A       11%         3

Your spell library contained the following spells:

 Spells                   Type           Power      Damage    Failure   Level
 Apportation              Tloc           8%         N/A       12%         1
 Fulminant Prism          Conj/Hex       8%         3d7       36%         4
 Iskenderun's Mystic Bla  Conj/Tloc      16%        2d5       36%         4
 Alistair's Intoxication  Tmut/Pois      2%         N/A       97%         5


Dungeon Overview and Level Annotations

Branches:
Dungeon (5/15)
 Temple: D:4-7

Altars:
Kikubaaqudgha
Okawaru
Vehumet
Wu Jian
Yredelemnul

Shops:
D:4 ?*(


Innate Abilities, Weirdness & Mutations

You have a pair of small antennae on your head.
You have very sharp fingernails.
A weak demonic guardian rushes to your aid.
Spells you cast may paralyse nearby enemies.


Message History

Your shadow imp closely misses the orc.
You barely miss the orc.
The centaur wields a +0 shortbow.
The centaur shoots an arrow.
The arrow completely misses your shadow imp.
The arrow hits you.
* * * LOW HITPOINT WARNING * * *
The orc barely misses your shadow imp.
The centaur shoots an arrow.
The arrow barely misses your shadow imp.
The arrow completely misses you.
Your shadow imp gestures at the orc.
The orc writhes in agony!
The orc dies!
Okay, then.
Okay, then.
The orc attacks as you move away! The orc hits you but does no damage.
The centaur shoots an arrow.
The arrow hits your shadow imp!
Your shadow imp dies!
Your shadow imp disappears in a puff of smoke!
The centaur shoots an arrow.
The arrow closely misses you. The orc attacks as you move away!
The orc hits you with a +0 flail.
* * * LOW HITPOINT WARNING * * *
The centaur unwields a +0 shortbow.
The centaur misses you. The centaur closely misses you.
You hit the centaur.
The centaur is poisoned.
The centaur is lightly wounded.
The centaur hits you.
* * * LOW HITPOINT WARNING * * *
A demonic guardian appears!
The centaur kicks you.
* * * LOW HITPOINT WARNING * * *
The hound bites you but does no damage. x2; The orc hits you with a +0 flail.
* * * LOW HITPOINT WARNING * * *
The centaur closely misses you. The centaur barely misses you.
You closely miss the centaur.
The centaur is lightly wounded.
The centaur closely misses you. The centaur kicks you.
* * * LOW HITPOINT WARNING * * *
The hound bites you but does no damage.
Your ufetubus hits the orc but does no damage.
Your ufetubus barely misses the orc.
The orc hits you with a +0 flail.
You die...

..# #..........##.. ..#
#........:......
..#######...............
.........)..............
##.....................
#..............)..$..#
#...........##)#o.#
#.........###.h#c#
#.........# #.#@.#
##.........###.o..#
##...........(5.###.
##.............#....#
....................#
##.#.................#
##.#...##............#
##...####............#
##..###.............##


You could see a centaur (very poisoned), a hound, 2 orcs and a friendly ufetubus
(summoned).

Vanquished Creatures
  2 black bears (D:4)
  A scorpion (D:4)
  A gnoll sergeant (D:4)
  A hound (D:5)
  An orc priest (D:4)
  Ijyb (D:3)
  Terence (D:3)
  2 iguanas
  An orc wizard (D:4)
  9 adders
  5 gnolls (D:5)
  4 shadow imps (D:4)
  3 ufetubi (D:4)
  A worm (D:3)
  A dart slug (D:1)
  2 orcs (D:4)
  3 endoplasms
  5 giant cockroaches
  7 hobgoblins
  11 jackals
  4 quokkas
  7 ball pythons
  6 bats
  4 frilled lizards
  7 goblins
  6 kobolds
  4 rats
100 creatures vanquished.

Vanquished Creatures (collateral kills)
  Menkaure (D:4)
  2 orcs (D:5)
3 creatures vanquished.

Vanquished Creatures (others)
  7 demonic plants (D:4)
7 creatures vanquished.

Grand Total: 110 creatures vanquished

Notes
Turn   | Place    | Note
-------+----------+-------------------------------------------
     0 | D:1      | croobank the Demonspawn Conjurer began the quest for the
                  | Orb.
     0 | D:1      | Reached XP level 1. HP: 13/13 MP: 3/3
   332 | D:1      | Gained mutation: Spells you cast may paralyse adjacent
                  | enemies. [demonic ancestry]
   332 | D:1      | Reached XP level 2. HP: 19/19 MP: 0/5
   353 | D:1      | Learned a level 2 spell: Searing Ray
  1314 | D:2      | Found a faded altar of an unknown god.
  1342 | D:2      | Discovered your monstrous ancestry.
  1342 | D:2      | Gained mutation: You have sharp fingernails. [demonic
                  | ancestry]
  1342 | D:2      | Reached XP level 3. HP: 24/24 MP: 3/6
  1346 | D:2      | Learned a level 3 spell: Dazzling Flash
  1558 | D:2      | Found a radiant altar of Vehumet.
  1610 | D:2      | Identified a scroll of acquirement
  1610 | D:2      | Acquired a +2 morningstar of venom
  2387 | D:3      | Gained mutation: A weak demonic guardian rushes to your
                  | aid. [demonic ancestry]
  2387 | D:3      | Reached XP level 4. HP: 30/30 MP: 5/7
  2699 | D:3      | Noticed Ijyb
  2714 | D:3      | Killed Ijyb
  2783 | D:3      | Noticed Terence
  2795 | D:3      | Killed Terence
  2796 | D:3      | Gained mutation: You have a pair of small antennae on your
                  | head. [demonic ancestry]
  2796 | D:3      | Reached XP level 5. HP: 12/36 MP: 3/9
  3543 | D:4      | Noticed a black bear
  3550 | D:4      | Killed a black bear
  3551 | D:4      | Reached skill level 1 in Fighting
  3551 | D:4      | Reached skill level 1 in Maces & Flails
  3589 | D:4      | Gained mutation: Spells you cast may paralyse nearby
                  | enemies. [demonic ancestry]
  3589 | D:4      | Reached XP level 6. HP: 30/43 MP: 4/10
  3960 | D:4      | Found Idamy's Magic Scroll Shoppe.
  3998 | D:4      | Reached skill level 5 in Conjurations
  4054 | D:4      | Found Wowkack's Weapon Shop.
  4065 | D:4      | Found Vipsour's Magic Scroll Emporium.
  4594 | D:4      | Noticed Menkaure
  4601 | D:4      | Killed Menkaure
  4602 | D:4      | Gained mutation: You have very sharp fingernails. [demonic
                  | ancestry]
  4602 | D:4      | Reached XP level 7. HP: 26/50 MP: 5/12
  4834 | D:4      | Found Kugguacs's Assorted Antiques.
  4840 | D:4      | Bought a scroll of identify for 40 gold pieces
  5471 | D:4      | Bought a jewelled whip for 150 gold pieces
  5471 | D:4      | Identified the +3 whip of Frustration {flame, Will+} (You
                  | bought it in a shop on level 4 of the Dungeon)
  5716 | D:4      | Bought a scroll of identify for 26 gold pieces
  5716 | D:4      | Bought a scroll of identify for 26 gold pieces
  5777 | D:5      | Entered Level 5 of the Dungeon
  6397 | D:5      | Found a basalt altar of Yredelemnul.
  6429 | D:5      | Found an iron altar of Okawaru.
  6431 | D:5      | Found an ancient bone altar of Kikubaaqudgha.
  6432 | D:5      | Found an ornate altar of the Wu Jian Council.
  6486 | D:5      | Slain by an orc

Illustrated notes

Levels and vault maps discovered:
D:1:      minmay_arrival_shattered_statue, layout_loops_ring, nrook_campfire,
          dk_noncrumbling_2
D:2:      layout_rooms, hellmonk_ecumenical_altar_dog_temple, basic_altar
D:3:      layout_basic, uniq_ijyb, uniq_terence
D:4:      layout_basic, serial_shops, nicolae_stop_n_shop_1,
          kennysheep_little_box, shop, nicolae_inconvenience_store,
          serial_demonic, serial_demonic_c, serial_demonic_f, serial_demonic_g,
          serial_demonic_f, hex_large, uniq_menkaure
D:5:      layout_rooms, minitemple

Skill      XL: |  1  2  3  4  5  6  7 |
---------------+----------------------+-----
Stealth        | 2 3 |  3.9
Dodging        | 2 3 |  3.6
Fighting       | 1 2 |  2.7
Maces & Flails | 1 2 3 |  3.2
Spellcasting   | 3 |  3.9
Conjurations   | 5 |  5.4

Action                   |  1- 3 |  4- 6 |  7- 9 || total
-------------------------+-------+-------+-------++-------
Melee: Unarmed           |    34 |       |       ||    34
       Short sword       |    11 |       |    12 ||    23
       Morningstar       |     9 |    48 |    15 ||    72
       Hand axe          |       |     8 |       ||     8
       Punch             |       |     1 |       ||     1
       Whip              |       |       |    34 ||    34
 Cast: Magic Dart        |    57 |    60 |    31 ||   148
       Searing Ray       |     1 |       |     2 ||     3
Evoke: Wand              |       |     3 |       ||     3
  Use: Potion            |     1 |     4 |     2 ||     7
       Scroll            |     6 |     4 |     7 ||    17
 Stab: Paralysed         |     2 |     1 |     6 ||     9
       Sleeping          |     2 |       |     1 ||     3
Armor: Robe              |    15 |    21 |    17 ||    53
       Skin              |       |     8 |     2 ||    10
Dodge: Dodged            |    46 |    46 |    60 ||   152
